 Dungeon Crawl Stone Soup version 0.22.1-1-ga44c0e56f4 (webtiles) character file.

8993 Kaderl the Thaumaturge (level 11, -4/71 HPs)
             Began as a Human Fire Elementalist on Oct 13, 2018.
             Killed from afar by a gargoyle (24 damage)
             ... with a stone arrow
             ... on level 10 of the Dungeon.
             The game lasted 01:00:25 (13217 turns).

Kaderl the Thaumaturge (Human Fire Elementalist)   Turns: 13217, Time: 01:00:26

Health: -4/71      AC:  5    Str: 10    XL:     11   Next: 66%
Magic:  16/24      EV: 14    Int: 18    God:
Gold:   482        SH:  0    Dex: 13    Spells: 11/29 levels left

rFire    . . .     SeeInvis +   K - staff of earth
rCold    . . .     Gourm    .   (no shield)
rNeg     + . .     Faith    .   t - +0 robe {rN+}
rPois    .         Spirit   .   (no helmet)
rElec    .         Reflect  .   (no cloak)
rCorr    .         Harm     +   (no gloves)
MR       .....                  (no boots)
Stlth    +++.......             e - amulet of harm
HPRegen  0.21/turn              u - +3 ring of protection
MPRegen  0.19/turn              B - ring of see invisible

@: no status effects
A: no striking features
a: no special abilities


You were on level 10 of the Dungeon.
You were not hungry.

You visited 2 branches of the dungeon, and saw 11 of its levels.

You collected 482 gold pieces.

Inventory:

Armour
 t - a +0 robe of positive energy (worn)
Magical Staves
 K - an uncursed staff of earth (weapon)
Jewellery
 e - an amulet of harm (around neck)
 h - an uncursed ring of protection from cold
 u - a +3 ring of protection (left hand)
 B - a ring of see invisible (right hand)
Wands
 d - a wand of acid (6)
 p - a wand of disintegration (15)
 v - a wand of enslavement (10)
 z - a wand of polymorph (7)
 A - a wand of paralysis (10)
 E - a wand of random effects (12)
Scrolls
 i - 6 scrolls of remove curse
 j - 4 scrolls of teleportation
 x - a scroll of enchant weapon
 y - 2 scrolls of blinking
 D - a scroll of fog
 F - a scroll of magic mapping
 H - a scroll of amnesia
 I - a scroll of holy word
Potions
 a - 3 potions of might
 b - a potion of brilliance {unknown}
 f - 3 potions of agility
 g - a potion of experience {unknown}
 k - 2 potions of flight {unknown}
 l - a potion of heal wounds {unknown}
 m - 7 potions of curing
 n - 3 potions of mutation
 o - 3 potions of cancellation {unknown}
 q - a potion of haste
 r - 3 potions of lignification {unknown}
 s - 2 potions of invisibility {unknown}
 w - a potion of resistance {unknown}
 C - a potion of ambrosia
Comestibles
 c - 12 rations


   Skills:
 + Level 1.5 Fighting
   Level 1.5 Short Blades
 + Level 4.2 Dodging
 + Level 4.4 Stealth
 + Level 0.8 Unarmed Combat
 + Level 9.9 Spellcasting
 + Level 9.0 Conjurations
 + Level 1.3 Hexes
 + Level 9.1 Fire Magic
 + Level 1.1 Evocations


You had 11 spell levels left.
You knew the following spells:

 Your Spells              Type           Power        Failure   Level  Hunger
a - Flame Tongue          Conj/Fire      #####        1%          1    None
b - Throw Flame           Conj/Fire      #####.       1%          2    None
c - Conjure Flame         Conj/Fire      #####...     1%          3    None
d - Inner Flame           Hex/Fire       ####....     2%          3    None
e - Sticky Flame          Conj/Fire      #####...     1%          4    ###....
f - Fireball              Conj/Fire      #####.....   5%          5    #####..

Your spell library contained the following spells:

 Spells                   Type           Power        Failure   Level  Hunger
 Infusion                 Chrm           #...         9%          1    None
 Shroud of Golubria       Chrm/Tloc      #.........   12%         2    None
 Song of Slaying          Chrm           #.......     12%         2    None
 Spectral Weapon          Hex/Chrm       ##......     19%         3    None
 Regeneration             Chrm/Necr      #.........   24%         3    None


Dungeon Overview and Level Annotations

Branches:
Dungeon (10/15)            Temple (1/1) D:4            Lair (0/6) D:8
    Orc: D:9-12

Altars:
Ashenzari
Cheibriados
Dithmenos
Elyvilon
Fedhas
Gozag
Hepliaklqana
Kikubaaqudgha
Makhleb
Nemelex Xobeh
Okawaru
Qazlal
Ru
Sif Muna
Trog
Uskayaw
Vehumet
Wu Jian
Xom
Yredelemnul
Zin
The Shining One

Shops:
D:9 [

Annotations:
D:10 2 runed doors, Gastronok; greenfork's ghost, journeyman OgWz


Message History

The bat hits you but does no damage.
You hit the bat.
The bat is severely wounded.
The bat barely misses you. The bat barely misses you.
The bat hits you but does no damage. The bat barely misses you.
The bat hits you but does no damage. The bat closely misses you.
The bat misses you. The bat misses you. The bat hits you but does no damage.
The bat hits you but does no damage. x2
There is an open door here.
The bat hits you but does no damage. The bat closely misses you.
The bat barely misses you. The bat misses you.
The gargoyle hurls a stone arrow at you.
The stone arrow hits you!
You die...

......+...##.### ##§.#.+..
......######.# #§).≈.+.. ......#
#..# ##..⌠§#.# ####### #.##
#.#≈.#.# .## #.# ##§.#### ..#
##'######## #####
#.########)))......# #####.###
........##.(.....b.### #........
.............9(.@..'.# #........
.........#.........#.####........
........##.........#(..##........
........##.........###...........
#####.####.........# ####........
##..# ######'#### #........
##..## #..### #####.### #..##
##...# #....# ##'###### ######.##
##.######


You could see a gargoyle and a bat.

Vanquished Creatures
  Erolcha (D:10)
  A two-headed ogre (D:8)
  3 death yaks (D:8)
  Maurice (D:9)
  A centaur zombie (D:10)
  4 trolls
  Grinder (D:3)
  A hippogriff (D:8)
  A wyvern (D:10)
  A steam dragon (D:10)
  4 porcupines (D:8)
  A sky beast (D:8)
  An orc warrior (D:9)
  An ice beast (D:7)
  A black bear (D:6)
  3 ogres
  5 centaurs
  A necrophage (D:7)
  3 big kobolds
  2 bullfrogs
  A gnoll sergeant (D:10)
  A scorpion (D:8)
  6 killer bees (D:7)
  2 howler monkeys (D:10)
  5 crimson imps
  A quasit (D:8)
  5 orc priests
  4 hounds
  A bullfrog skeleton (D:8)
  2 centaur skeletons
  4 jellies
  5 orc wizards
  3 iguanas
  A hell rat (D:8)
  A worker ant (D:7)
  A killer bee zombie (D:8)
  3 hound zombies
  A worker ant zombie (D:8)
  8 adders
  13 gnolls
  A howler monkey skeleton (D:9)
  A river rat (D:8)
  3 shadow imps
  6 oozes
  2 adder skeletons
  A worm (D:3)
  2 dart slugs
  5 leopard geckos
  24 orcs
  3 giant cockroaches
  9 hobgoblins
  14 jackals
  29 kobolds
  4 quokkas
  A ball python (D:3)
  8 bats
  5 frilled lizards
  6 goblins
  12 rats
241 creatures vanquished.

Notes
Turn   | Place    | Note
-------+----------+-------------------------------------------
     0 | D:1      | Kaderl the Human Fire Elementalist began the quest for the
                  | Orb.
     0 | D:1      | Reached XP level 1. HP: 13/13 MP: 3/3
    67 | D:1      | Reached XP level 2. HP: 6/19 MP: 0/5
   509 | D:1      | Reached XP level 3. HP: 24/24 MP: 2/6
  1187 | D:2      | Learned a level 2 spell: Throw Flame
  1304 | D:2      | Reached XP level 4. HP: 30/30 MP: 5/7
  2500 | D:3      | Noticed Grinder
  2622 | D:3      | Reached XP level 5. HP: 29/35 MP: 1/9
  3342 | D:3      | Paralysed by Grinder for 4 turns
  3505 | D:3      | Found a shattered altar of Ashenzari.
  3679 | D:3      | Found a hazy altar of Hepliaklqana.
  3765 | D:3      | Killed Grinder
  3765 | D:3      | Reached XP level 6. HP: 15/41 MP: 1/11
  3765 | D:3      | Reached XP level 7. HP: 17/46 MP: 1/12
  3834 | D:3      | Learned a level 3 spell: Conjure Flame
  4065 | D:4      | Found a staircase to the Ecumenical Temple.
  4070 | D:4      | Found a snail-covered altar of Cheibriados.
  4084 | Temple   | Entered the Ecumenical Temple
  4364 | D:4      | Found a radiant altar of Vehumet.
  4706 | D:5      | Entered Level 5 of the Dungeon
  5277 | D:5      | Reached skill level 5 in Fire Magic
  5280 | D:5      | Reached skill level 1 in Short Blades
  5597 | D:5      | Reached XP level 8. HP: 24/53 MP: 7/13
  5905 | D:6      | Found a hide-covered altar of Uskayaw.
  5913 | D:6      | Found an opulent altar of Gozag.
  5914 | D:6      | Found a shattered altar of Ashenzari.
  5914 | D:6      | Found a blossoming altar of Fedhas.
  5914 | D:6      | Found a glowing golden altar of the Shining One.
  5919 | D:6      | Found a glowing silver altar of Zin.
  6086 | D:6      | Found an opulent altar of Gozag.
  6389 | D:6      | Learned a level 3 spell: Inner Flame
  7242 | D:7      | Reached skill level 5 in Spellcasting
  7270 | D:7      | Reached skill level 5 in Conjurations
  7284 | D:7      | Reached XP level 9. HP: 58/58 MP: 10/16
  7637 | D:7      | Learned a level 4 spell: Sticky Flame
  8162 | D:8      | Noticed a hippogriff
  8169 | D:8      | Killed a hippogriff
  8272 | D:8      | Noticed a two-headed ogre
  8288 | D:8      | Killed a two-headed ogre
  8288 | D:8      | Reached skill level 1 in Hexes
  8511 | D:8      | Noticed Maurice
  8984 | D:8      | Reached XP level 10. HP: 64/64 MP: 10/20
  9522 | D:8      | Noticed a death yak
  9637 | D:8      | Noticed a death yak
  9642 | D:8      | Killed a death yak
  9962 | D:8      | Found a staircase to the Lair.
 10072 | D:8      | Noticed a death yak
 10076 | D:8      | Killed a death yak
 10076 | D:8      | Reached skill level 1 in Fighting
 10111 | D:8      | Killed a death yak
 10571 | D:8      | Reached XP level 11. HP: 70/70 MP: 17/23
 10919 | D:9      | Killed Maurice
 11057 | D:9      | Learned a level 5 spell: Fireball
 11749 | D:9      | Found a bloodstained altar of Trog.
 11789 | D:9      | Found Ataumot's Antique Armour Shop.
 12082 | D:10     | Entered Level 10 of the Dungeon
 12623 | D:10     | Noticed Erolcha
 12635 | D:10     | Killed Erolcha
 12635 | D:10     | Reached skill level 1 in Evocations
 13007 | D:10     | Found a large runed door.
 13007 | D:10     | Found a large runed door.
 13008 | D:10     | Noticed greenfork's ghost (journeyman OgWz)
 13178 | D:10     | Noticed Gastronok
 13217 | D:10     | Killed from afar by a gargoyle

Skill      XL: |  1  2  3  4  5  6  7  8  9 10 11 |
---------------+----------------------------------+-----
Fire Magic     | 4 5 7 8 9 |  9.1
Spellcasting   | 3 5 6 8 9 |  9.9
Conjurations   | 2 4 5 6 8 9 |  9.0
Stealth        | 3 4 |  4.4
Dodging        | 3 4 |  4.2
Short Blades   | 1 |  1.5
Hexes          | 1 |  1.3
Fighting       | 1 |  1.5
Evocations     | 1 |  1.1
Unarmed Combat | |  0.8

Action                   |  1- 3 |  4- 6 |  7- 9 | 10-12 || total
-------------------------+-------+-------+-------+-------++-------
Melee: Unarmed           |    30 |    11 |     1 |     2 ||    44
       Punch             |       |     1 |       |       ||     1
       Dagger            |       |       |    80 |       ||    80
       Staff             |       |       |       |     1 ||     1
 Cast: Flame Tongue      |    40 |    95 |   149 |   115 ||   399
       Throw Flame       |       |     9 |    45 |    43 ||    97
       Conjure Flame     |       |       |    17 |    16 ||    33
       Inner Flame       |       |       |     7 |     4 ||    11
       Sticky Flame      |       |       |       |    16 ||    16
       Fireball          |       |       |       |     9 ||     9
Evoke: Wand              |       |       |     3 |     7 ||    10
  Use: Scroll            |     4 |       |    12 |    10 ||    26
  Eat: Ration            |     1 |     2 |     6 |     5 ||    14
Armor: Robe              |     2 |    16 |    29 |    16 ||    63
       Skin              |       |       |     1 |       ||     1
Dodge: Dodged            |    27 |    48 |    59 |    46 ||   180
